 Seeded DCSS version 0.32-a0-913-g739538afd8 (webtiles) character file.

Game seed: 17073724502869601980 (custom seed)

152000 timneilson the Fencer (level 17, -9/149 HPs)
             Began as a Minotaur Fighter on Apr 7, 2024.
             Was an Initiate of Gozag.
             Killed from afar by Bai Suzhen (62 damage)
             ... with a torrent of water
             ... on level 3 of the Spider Nest on Apr 8, 2024.
             The game lasted 01:15:26 (29773 turns).

timneilson the Fencer (Minotaur Fighter)           Turns: 29773, Time: 01:15:27

Health: -9/149     AC: 36    Str: 35    XL:     17   Next: 2%
Magic:  4/16       EV: 15    Int:  7    God:    Gozag
Gold:   3520       SH: 15    Dex: 22    Spells: 16/16 levels left

rFire   + . .        N - +0 demon blade (flame)
rCold   + . .        c - +1 buckler
rNeg    + + .        O - +8 plate armour of Ceelerph {rElec Str+4 Dex+3}
rPois   +            H - +3 crown of Dyrovepreva {rElec Int+2 SInv}
rElec   +            V - scarf of Violets {rC+ rF+, Str+4 Stlth+}
rCorr   .            v - +2 pair of gloves {infuse}
SInv    +            k - +2 pair of boots "Bavucuvou" {Will+ Str+4}
Will    +++..        F - amulet of Ephemeral Luck {Reflect rPois rF- rN++ Dex+3 Slay+3 SH+5} Stlth
                     T - ring of Muhoomit {Wiz rF+ Will+}
HPRegen 0.44/turn    J - +4 ring of slaying
MPRegen 0.15/turn

%: reflection, wizardry (x1), infuse magic (1 MP)
@: gold aura, studying Long Blades
A: horns 2, retaliatory headbutt
a: Renounce Religion, Potion Petition, Call Merchant, Bribe Branch


You were on level 3 of the Spider Nest.
You worshipped Gozag.
Gozag was most pleased with you.
You visited 5 branches of the dungeon, and saw 27 of its levels.
You also visited: Volcano.

You collected 10100 gold pieces.
You spent 4265 gold pieces at shops.
You paid 2315 gold pieces to Gozag.

Inventory:

Hand Weapons
 N - a +0 demon blade of flaming (weapon)
Missiles
 u - 43 poisoned darts (quivered)
 E - 5 throwing nets
 K - 23 javelins
 W - 6 curare-tipped darts
Armour
 a - the +1 cloak of Generosity {+Inv Slay+5}
   (You bought it in a shop on level 12 of the Dungeon)

   Slay+5:    It affects your accuracy & damage with ranged weapons and melee
   (+5).
   +Inv:      It lets you turn invisible.
 c - a +1 buckler (worn)
 k - the +2 pair of boots "Bavucuvou" (worn) {Will+ Str+4}
   (You acquired it on level 4 of the Dungeon)

   Str+4:     It affects your strength (+4).
   Will+:     It increases your willpower.
 v - a +2 pair of gloves of infusion (worn)
 H - the +3 crown of Dyrovepreva (worn) {rElec Int+2 SInv}
   (You bought it in a shop on level 2 of the Orcish Mines)

   Int+2:     It affects your intelligence (+2).
   rElec:     It insulates you from electricity.
   SInv:      It lets you see invisible.
 O - the +8 plate armour of Ceelerph (worn) {rElec Str+4 Dex+3}
   (You bought it in a shop on level 2 of the Lair of Beasts)

   Str+4:     It affects your strength (+4).
   Dex+3:     It affects your dexterity (+3).
   rElec:     It insulates you from electricity.
 V - the scarf of Violets (worn) {rC+ rF+, Str+4 Stlth+}
   (You found it on level 4 of the Lair of Beasts)

   Str+4:     It affects your strength (+4).
   Stlth+:    It makes you more stealthy.
Jewellery
 b - a ring of resist corrosion
 C - a ring of protection from fire
 F - the amulet of Ephemeral Luck (around neck) {Reflect rPois rF- rN++ Dex+3 Slay+3 SH+5}
   (You bought it in a shop on level 8 of the Dungeon)

   [amulet of reflection]

   Reflect:   It reflects blocked missile attacks.
   Dex+3:     It affects your dexterity (+3).
   Slay+3:    It affects your accuracy & damage with ranged weapons and melee
   (+3).
   rF-:       It makes you vulnerable to fire.
   rPois:     It protects you from poison.
   rN++:      It greatly protects you from negative energy.
   SH+5:      It affects your SH (+5).
 J - a +4 ring of slaying (right hand)
 T - the ring of Muhoomit (left hand) {Wiz rF+ Will+}
   (You acquired it on level 4 of the Lair of Beasts)

   [ring of wizardry]

   Wiz:       It improves your spell success rate.
   rF+:       It protects you from fire.
   Will+:     It increases your willpower.
Wands
 h - a wand of digging (8)
 m - a wand of roots (36)
 x - a wand of quicksilver (10)
 y - a wand of flame (47)
 A - a wand of mindburst (18)
Scrolls
 g - a scroll of enchant armour
 n - 3 scrolls of fear
 q - 2 scrolls of revelation
 r - a scroll of fog
 z - 2 scrolls of blinking
 B - 5 scrolls of teleportation
 G - a scroll of identify
 I - 2 scrolls of brand weapon
 L - a scroll of immolation
 M - a scroll of vulnerability
 P - 8 scrolls of poison
Potions
 d - 5 potions of might
 e - 2 potions of haste
 f - 2 potions of mutation
 i - 8 potions of curing
 o - 3 potions of berserk rage
 p - 4 potions of enlightenment
 s - 3 potions of ambrosia
 t - a potion of magic
 w - 3 potions of attraction
 D - 6 potions of heal wounds
 R - a potion of resistance
 S - a potion of cancellation
Miscellaneous
 l - a condenser vane
 Q - a lightning rod (4/4)
 U - a box of beasts


   Skills:
 + Level 13.0 Fighting
 * Level 19.3 Long Blades
 + Level 8.6 Throwing
 * Level 17.4 Armour
 + Level 11.3 Dodging
 * Level 17.4 Shields
 + Level 8.9 Evocations


You had 16 spell levels left.
You didn't know any spells.
Your spell library contained the following spells:

 Spells                   Type           Power      Damage    Failure   Level
 Sting                    Conj/Alch      0%         1d3       56%         1
 Blink                    Tloc           0%         N/A       71%         2
 Cigotuvi's Dreadful Rot  Necr/Alch/Air  0%         N/A       71%         2
 Lesser Beckoning         Tloc           0%         N/A       71%         2
 Mercury Vapours          Alch/Air       0%         N/A       71%         2
 Momentum Strike          Conj/Tloc      0%         3d8       71%         2
 Summon Ice Beast         Ice/Summ       0%         N/A       89%         3
 Volatile Blastmotes      Fire/Tloc      0%         2d10      89%         3
 Dispel Undead            Necr           0%         3d6       99%         4
 Fulminant Prism          Conj/Alch      0%         3d5       99%         4
 Iskenderun's Mystic Bla Conj/Tloc 0%             2d3        (+2d1     99%         4
 Martyr's Knell           Necr/Summ      0%         N/A       99%         4
 Olgreb's Toxic Radiance  Alch           0%         N/A       99%         4
 Summon Blazeheart Golem  Fire/Summ      0%         N/A       99%         4
 Summon Mana Viper        Hex/Summ       0%         N/A       100%        5
 Conjure Ball Lightning   Conj/Air       0%         3x3d6     100%        6
 Monstrous Menagerie      Summ           0%         N/A       100%        7
 Orb of Destruction       Conj           0%         9d5       100%        7
 Spellforged Servitor     Conj/Summ      0%         N/A       100%        7
 Discord                  Hex            0%         N/A       100%        8
 Disjunction              Tloc           0%         N/A       100%        8


Dungeon Overview and Level Annotations

Branches:
Dungeon (15/15)            Temple (1/1) D:5            Lair (5/5) D:9
  Swamp (0/4) Lair:3       Spider (4/4) Lair:2        Slime (0/5) Lair:5
    Orc (2/2) D:12            Elf (0/3) Orc:2        Vaults (0/5) D:14
 Depths (0/4) D:15        Volcano (visited)

Altars:
Ashenzari
Cheibriados
Dithmenos
Elyvilon
Fedhas
Gozag
Hepliaklqana
Kikubaaqudgha
Makhleb
Nemelex Xobeh
Okawaru
Qazlal
Ru
Sif Muna
Trog
Uskayaw
Vehumet
Wu Jian
Xom
Yredelemnul
Zin
The Shining One
Jiyva

Shops:
D:8 =   D:12 [(   Orc:2 *[*[   Lair:2 [

Annotations:
Spider:3 Bai Suzhen


Innate Abilities, Weirdness & Mutations

You have a pair of horns on your head.
You reflexively headbutt those who attack you in melee.


Message History

The eight-headed hydra bites you but does no damage.
You hit Bai Suzhen but do no damage.
Bai Suzhen is almost dead.
You are engulfed in a thunderstorm.
You resist. Bai Suzhen bites you! Bai Suzhen claws you.
Bai Suzhen tramples you.
You hold your ground!
The eight-headed hydra bites you but does no damage.
You block the eight-headed hydra's attack. x2
The eight-headed hydra bites you but does no damage. x2
The eight-headed hydra closely misses you.
The eight-headed hydra misses you.
The eight-headed hydra barely misses you.
The eight-headed hydra bites you but does no damage.
The eight-headed hydra completely misses you.
The eight-headed hydra misses you.
The eight-headed hydra bites you but does no damage. x3
The eight-headed hydra bites you.
The eight-headed hydra bites you but does no damage.
Unknown command.
You slash Bai Suzhen! You burn Bai Suzhen.
Bai Suzhen is almost dead.
You are engulfed in a thunderstorm.
You resist. You block Bai Suzhen's attack. Bai Suzhen barely misses you.
Bai Suzhen tramples you but does no damage.
You hit Bai Suzhen but do no damage.
Bai Suzhen is almost dead.
The eight-headed hydra is distracted by your dazzling golden aura.
The eight-headed hydra bites you.
The eight-headed hydra closely misses you.
You block the eight-headed hydra's attack.
The eight-headed hydra closely misses you.
The eight-headed hydra bites you!
You block the eight-headed hydra's attack.
The eight-headed hydra barely misses you. x2
You hit Bai Suzhen but do no damage.
Bai Suzhen is almost dead.
You are engulfed in a thunderstorm.
You resist. Bai Suzhen breathes water at you. The torrent of water hits you!!!
You die...
Your body crumbles into a pile of gold.

#.....### ##....##
##.....# #......##
#.^.....## ##.###^..#
##..##<.# ## ###D...## #.
##.@D§.^# #. ###.$§D.###
#^ #.^..§§§### ###
#.....#.#.# #..
#...#.##..### ##..
##..#####...## ##^..
####....###.....# ##.#..
#........##.....# #.....
#........#.....#####...##


You could see Bai Suzhen (clouds, catching breath) and 2 eight-headed hydras.

Vanquished Creatures
  Saint Roka (Orc:2)
  Jorgrun (Spider:2)
  Kirke (Lair:5)
  Aizul (Spider:3)
  3 ghost moths (Spider:2)
  2 emperor scorpions
  2 broodmothers (Spider:2)
  2 spark wasps (Spider:3)
  Josephine (D:11)
  Fannar (D:11)
  4 vault guards (D:14)
  An entropy weaver (Spider:1)
  2 rakshasas (D:15)
  10 hydras
  A radroach (Lair:2)
  A catoblepas (Lair:2)
  3 centaur warriors
  9 two-headed ogres
  7 boulder beetles
  A tengu warrior (D:15)
  6 death yaks (Lair:5)
  3 orc high priests (Orc:2)
  Urug (Orc:2)
  An occultist (D:15)
  7 demonic crawlers
  3 skysharks
  A fire crab (Lair:5)
  A skeletal warrior (D:9)
  2 deep elf archers (D:14)
  8 orb spiders
  4 pharaoh ants
  2 arcanists
  An obsidian bat (Orc:2)
  A sun moth (Spider:1)
  3 steelbarb worms
  A necromancer (D:15)
  7 orc knights
  2 deep elf pyromancers (D:13)
  15 ugly things
  8 orc sorcerers
  4 cyclopes
  12 meliai
  6 wolf spiders
  4 manticores
  4 moths of wrath
  7 kobold blastminers
  Joseph (D:8)
  6 black mambas
  12 centaur zombies
  An unseen horror (D:12)
  2 centaur skeletons (D:15)
  A gargoyle (D:14)
  5 torpor snails
  10 cane toads
  A kobold demonologist (D:11)
  9 komodo dragons
  A yaktaur (D:14)
  5 rime drakes
  2 tengu conjurers (D:15)
  A hornet (D:10)
  2 trolls
  12 tarantellas
  2 polar bears
  8 blink frogs
  A tyrant leech (Lair:3)
  17 jumping spiders
  21 dream sheep
  A centaur simulacrum (D:15)
  11 slime creatures
  A meliai zombie (D:11)
  10 wraiths
  5 shadows (D:11)
  7 wyverns
  12 culicivoras
  72 yaks
  A human (D:14)
  5 wargs
  3 steam dragons
  4 vampires (D:11)
  2 hogs (Lair:5)
  22 redbacks
  A basilisk (Lair:3)
  Grum (D:11)
  17 vampire mosquitoes
  3 swamp worms (Lair:3)
  6 hell hounds
  2 acid dragons
  14 water moccasins
  21 orc warriors
  A black bear (D:6)
  4 laughing skulls
  2 ogres
  20 wolves
  5 centaurs
  2 phantoms
  2 kobold brigands
  12 bullfrogs
  3 gnoll sergeants
  3 scorpions
  8 wights
  8 killer bees
  9 howler monkeys
  An electric eel (D:11)
  4 hounds
  23 orc priests
  2 gnoll boudas
  2 sleepcaps
  3 iguanas
  A boggart zombie (D:11)
  22 orc wizards
  A boggart skeleton (D:15)
  24 gnolls
  11 adders
  A shadow imp (D:8)
  A white imp (D:7)
  2 ufetubi (D:6)
  3 dart slugs
  3 ribbon worms (Lair:2)
  70 orcs
  8 endoplasms
  8 giant cockroaches
  8 hobgoblins
  11 jackals
  4 quokkas
  3 ball pythons
  11 bats
  7 frilled lizards
  6 goblins
  22 kobolds
  5 rats
855 creatures vanquished.

Vanquished Creatures (others)
  Frances (Spider:2)
1 creature vanquished.

Grand Total: 856 creatures vanquished

Notes
Turn   | Place    | Note
-------+----------+-------------------------------------------
     0 | D:1      | timneilson the Minotaur Fighter began the quest for the
                  | Orb.
     0 | D:1      | Reached XP level 1. HP: 19/19 MP: 0/0
   124 | D:1      | Identified a scroll of acquirement
   124 | D:1      | Acquired 1003 gold pieces
   313 | D:1      | Reached XP level 2. HP: 24/27 MP: 1/1
   717 | D:2      | Reached skill level 3 in Long Blades
   816 | D:3      | Reached XP level 3. HP: 33/33 MP: 2/2
  1074 | D:4      | Acquired the +2 pair of boots "Bavucuvou" {Will+ Str+4}
  1093 | D:5      | Entered Level 5 of the Dungeon
  1109 | D:5      | Found a staircase to the Ecumenical Temple.
  1117 | Temple   | Entered the Ecumenical Temple
  1136 | Temple   | Became a worshipper of Gozag Ym Sagoz the Greedy
  1498 | D:2      | Reached skill level 1 in Dodging
  1498 | D:2      | Reached XP level 4. HP: 34/40 MP: 3/3
  2307 | D:3      | Found a radiant altar of Vehumet.
  2487 | D:3      | Found a faded altar of an unknown god.
  2495 | D:3      | Reached skill level 4 in Long Blades
  3029 | D:4      | Reached XP level 5. HP: 46/46 MP: 4/4
  3236 | D:4      | Reached skill level 5 in Shields
  3555 | D:4      | Reached skill level 5 in Armour
  3796 | D:5      | Noticed a phantom
  3810 | D:4      | Killed a phantom
  3811 | D:4      | Reached XP level 6. HP: 48/53 MP: 5/5
  3828 | D:5      | You fall into a shaft and drop 2 floors!
  3828 | D:7      | Found a broken altar of Ashenzari.
  3993 | D:5      | Reached skill level 5 in Long Blades
  3995 | D:5      | Reached XP level 7. HP: 44/60 MP: 6/6
  4233 | D:5      | Reached skill level 5 in Fighting
  4356 | D:5      | Reached skill level 6 in Long Blades
  4895 | D:6      | Reached XP level 8. HP: 54/68 MP: 7/7
  5745 | D:7      | Reached skill level 7 in Long Blades
  6070 | D:7      | Found an iron altar of Okawaru.
  6202 | D:7      | Reached XP level 9. HP: 62/75 MP: 8/8
  6363 | D:7      | Reached skill level 1 in Evocations
  6604 | D:7      | Found a shimmering blue altar of Sif Muna.
  6796 | D:8      | Found an ornate altar of the Wu Jian Council.
  6797 | D:8      | Found a bloodstained altar of Trog.
  6797 | D:8      | Found a stormy altar of Qazlal.
  6850 | D:8      | Reached skill level 8 in Long Blades
  7351 | D:8      | Found Idowidgh's Jewellery Emporium.
  7448 | D:8      | Bought the amulet of Ephemeral Luck {Reflect rPois rF- rN++
                  | Dex+3 Slay+3 SH+5} for 826 gold pieces
  7664 | D:8      | Noticed Joseph
  7676 | D:8      | Killed Joseph
  7677 | D:8      | Reached skill level 5 in Dodging
  7677 | D:8      | Reached XP level 10. HP: 66/86 MP: 9/9
  7685 | D:8      | Identified the +5 long sword of Fear {distort, rC+}
  7930 | D:9      | Reached skill level 9 in Long Blades
  7939 | D:9      | Noticed a centaur warrior
  7944 | D:9      | Killed a centaur warrior
  7967 | D:9      | Noticed a two-headed ogre
  7968 | D:9      | Noticed a skeletal warrior
  8031 | D:8      | Killed a two-headed ogre
  8088 | D:9      | Killed a skeletal warrior
  8089 | D:9      | Reached skill level 10 in Shields
  8324 | D:9      | Reached skill level 10 in Armour
  8402 | D:9      | Found a glowing silver altar of Zin.
  8562 | D:9      | Noticed a two-headed ogre
  8571 | D:9      | Killed a two-headed ogre
  8572 | D:9      | Reached skill level 10 in Long Blades
  8864 | D:9      | Found a staircase to the Lair.
  9187 | D:10     | Entered Level 10 of the Dungeon
  9196 | D:10     | Reached XP level 11. HP: 94/94 MP: 10/10
 10547 | D:11     | Noticed Grum
 10561 | D:11     | Killed Grum
 10562 | D:11     | Reached skill level 1 in Throwing
 10689 | Lair:1   | Entered Level 1 of the Lair of Beasts
 10898 | Lair:1   | Reached skill level 11 in Long Blades
 11371 | D:8      | Bought a ring of protection from fire for 325 gold pieces
 11535 | Lair:2   | Reached XP level 12. HP: 103/103 MP: 11/11
 11539 | Lair:2   | Noticed a demonic crawler
 11556 | Lair:2   | Killed a demonic crawler
 11625 | Lair:2   | Found a hole to the Spider Nest.
 11676 | Lair:2   | Noticed a catoblepas
 11695 | Lair:2   | Killed a catoblepas
 11742 | Lair:2   | Reached skill level 5 in Evocations
 12244 | Lair:3   | Reached skill level 12 in Long Blades
 12912 | Lair:3   | Noticed an eight-headed hydra
 12912 | Lair:3   | Noticed a seven-headed hydra
 12924 | Lair:3   | Killed a four-headed hydra
 12934 | Lair:3   | Killed a three-headed hydra
 13074 | Lair:3   | Found a staircase to the Swamp.
 13358 | Lair:4   | Acquired the ring of Muhoomit {Wiz rF+ Will+}
 13517 | Lair:4   | Reached XP level 13. HP: 49/112 MP: 12/12
 13747 | Lair:4   | Identified the scarf of Violets {rC+ rF+, Str+4 Stlth+}
 14103 | Lair:4   | Identified the maw talisman of the Foremost Coins {Int+3
                  | Dex+3}
 14436 | Lair:5   | Entered Level 5 of the Lair of Beasts
 14579 | Lair:4   | Reached skill level 13 in Long Blades
 14722 | Lair:5   | Reached skill level 10 in Fighting
 15244 | Lair:5   | Reached skill level 5 in Throwing
 15699 | Lair:5   | Noticed Kirke
 15709 | Lair:5   | Killed Kirke
 15851 | Lair:5   | Reached XP level 14. HP: 16/122 MP: 13/13
 15865 | Lair:5   | Reached skill level 14 in Long Blades
 16387 | Lair:5   | Found a viscous altar of Jiyva.
 16387 | Lair:5   | Found a staircase to the Slime Pits.
 17538 | D:11     | Noticed Josephine
 17541 | D:11     | Killed Josephine
 17935 | D:11     | Noticed Fannar
 17945 | D:11     | Killed Fannar
 18229 | D:12     | Reached skill level 15 in Shields
 18428 | D:12     | Identified the scarf of Mischum {rC+ rF+, rN+ Str+4 Dex-2}
 18485 | D:12     | Found a staircase to the Orcish Mines.
 18570 | D:12     | Reached skill level 15 in Armour
 18878 | D:12     | Found a hide-covered altar of Uskayaw.
 19008 | D:12     | Reached skill level 15 in Long Blades
 19776 | D:13     | Acquired a manual of Long Blades
 19807 | D:14     | Found a radiant altar of Vehumet.
 19829 | D:14     | Reached XP level 15. HP: 114/130 MP: 14/14
 20703 | Orc:1    | Entered Level 1 of the Orcish Mines
 20712 | Orc:1    | Found a dark tunnel.
 20726 | Volcano  | Entered a volcano
 21562 | D:12     | Bought a crystal falchion for 264 gold pieces
 21562 | D:12     | Identified the +10 falchion of the Destroying Lamprey
                  | {elec, Str+8} (You bought it in a shop on level 12 of the
                  | Dungeon)
 21570 | D:12     | Bought a pitted cloak for 313 gold pieces
 21570 | D:12     | Identified the +1 cloak of Generosity {+Inv Slay+5} (You
                  | bought it in a shop on level 12 of the Dungeon)
 21570 | D:12     | Bought a pair of glowing gloves for 247 gold pieces
 21594 | Orc:2    | Entered Level 2 of the Orcish Mines
 21785 | Orc:2    | Noticed Urug
 21808 | Orc:2    | Killed Urug
 21940 | Orc:2    | Found a staircase to the Elven Halls.
 21962 | Orc:2    | Reached skill level 10 in Dodging
 22240 | Orc:2    | Reached skill level 16 in Long Blades
 22622 | Orc:2    | Noticed Saint Roka
 22641 | Orc:2    | Killed Saint Roka
 22657 | Orc:2    | Found Beberr's Antique Armour Shoppe.
 22657 | Orc:2    | Found Zaraefiat's Assorted Antiques.
 22668 | Orc:2    | Found Vyitsich's Assorted Antiques.
 22675 | Orc:2    | Found Qiefism's Armour Shop.
 22862 | Orc:2    | Bought the +3 crown of Dyrovepreva {rElec Int+2 SInv} for
                  | 538 gold pieces
 22862 | Orc:2    | Found the +3 crown of Dyrovepreva {rElec Int+2 SInv}
 22876 | Orc:2    | Bought a condenser vane for 880 gold pieces
 22876 | Orc:2    | Bought a scroll of identify for 44 gold pieces
 22876 | Orc:2    | Bought a scroll of revelation for 165 gold pieces
 22876 | Orc:2    | Bought an amethyst potion for 19 gold pieces
 23599 | D:14     | Found a gate to the Vaults.
 23919 | D:15     | Entered Level 15 of the Dungeon
 23927 | D:15     | Reached skill level 17 in Long Blades
 25149 | D:15     | Reached XP level 16. HP: 139/139 MP: 11/15
 25279 | D:15     | Found a staircase to the Depths.
 25751 | Lair:2   | Bought a fine plate armour for 644 gold pieces
 25751 | Lair:2   | Identified the +8 plate armour of Ceelerph {rElec Str+4
                  | Dex+3} (You bought it in a shop on level 2 of the Lair of
                  | Beasts)
 25767 | Spider:1 | Entered Level 1 of the Spider Nest
 26737 | Spider:2 | Reached skill level 18 in Long Blades
 27040 | Spider:2 | Noticed Jorgrun
 27057 | Spider:2 | Killed Jorgrun
 27179 | Spider:2 | Noticed Frances
 27198 | Spider:2 | Killed Frances
 28847 | Spider:3 | Reached skill level 19 in Long Blades
 28969 | Spider:3 | Identified the orb "Zocs" {guile, rF+}
 29406 | Spider:3 | Identified the serpent talisman of Ruexakk {Will+ Str+2}
 29406 | Spider:3 | Noticed Aizul
 29432 | Spider:3 | Killed Aizul
 29450 | Spider:3 | Reached XP level 17. HP: 113/149 MP: 0/16
 29725 | Spider:4 | Entered Level 4 of the Spider Nest
 29730 | Spider:4 | Noticed Bai Suzhen
 29773 | Spider:3 | Killed from afar by Bai Suzhen

Illustrated notes

Levels and vault maps discovered:
D:1:      lightli_arrival_windingriver, layout_loops_ring
D:2:      layout_basic, dk_noncrumbling_3
D:3:      layout_loops_corners, mainiacjoe_overflow_boulevard,
          shapermc_ecumenical_altar_gd, minmay_misc_feat_alley, st_stairs_8
D:4:      layout_gridville, lemuel_flame_loot_1
D:5:      layout_basic, minmay_temple_entry_stoned_glass
D:6:      layout_basic, grunt_decor_mini_mirrors
D:7:      layout_loops_cross, mainiacjoe_overflow_six_doors_small,
          lemuel_round_altar, lemuel_blue_sif_altar
D:8:      layout_cave_pools, gammafunk_temple_overflow_claw, serial_shops, shop,
          hangedman_abyss_or_decor_passed, fungi_pond_lemuel, uniq_joseph
D:9:      layout_basic, dpeg_oklobed_lair, minmay_ruined_shrine
D:10:     layout_loops_corners
D:11:     layout_long_grid, serial_undead, serial_undead_d, serial_undead_d,
          serial_undead_d, serial_undead_f, serial_undead_e, serial_undead_f,
          serial_undead_f, uniq_josephine, uniq_grum, uniq_fannar
D:12:     layout_irregular_city, orc_0_dummy, eat_drink_and_be_merry_uskayaw
D:13:     layout_long_grid
D:14:     layout_stronghold, grunt_vaults_entry_fortified, vehumet_crystals
D:15:     grunt_enter_depths_magical_seal, layout_stronghold, glass_columns_a
Temple:   nicolae_temple_superstar
Lair:1:   layout_cave_shapes, lemuel_fruit_tree
Lair:2:   layout_misc_corridors, nicolae_spider_entry_non_spiders, minmay_holes
Lair:3:   layout_roguey, palyth_hydra_swamp_entry
Lair:4:   layout_long_grid
Lair:5:   evil_forest, layout_cave_pods, slime_entry_1, uniq_kirke
Spider:1: layout_spider_delve
Spider:2: layout_spider_delve, hangedman_spider_tarantella_strand, uniq_frances,
          uniq_jorgrun
Spider:3: layout_spider_delve, uniq_aizul
Spider:4: guppyfry_spider_rune, uniq_arachne, uniq_donald, uniq_bai_suzhen
Orc:1:    layout_caves, enter_volcano_3
Orc:2:    st_orc_elflike, layout_caves, uniq_saint_roka, uniq_urug

Skill      XL: |  1  2  3  4  5  6  7  8  9 10 11 12 13 14 15 16 |
---------------+-------------------------------------------------+-----
Long Blades    | 3 4 5 6 7 8 10 11 12 13 15 17 19 | 19.3
Shields        | 4 5 6 8 9 10 11 13 14 15 16 17 | 17.4
Armour         | 4 5 6 7 9 10 11 12 14 15 16 17 | 17.4
Dodging        | 1 2 3 4 5 6 7 8 9 10 11 | 11.3
Fighting       | 4 5 6 7 8 9 10 11 12 13 | 13.0
Evocations     | 2 3 4 5 6 7 8 |  8.9
Throwing       | 2 4 5 6 7 8 |  8.6

Action                     |  1- 3 |  4- 6 |  7- 9 | 10-12 | 13-15 | 16-18 || total
---------------------------+-------+-------+-------+-------+-------+-------++-------
  Melee: Long sword        |   130 |   146 |   115 |     8 |    37 |       ||   436
         Headbutt          |    12 |    29 |    76 |   143 |   302 |   123 ||   685
         Scimitar          |       |       |   249 |   492 |   694 |       ||  1435
         Demon blade       |       |       |       |       |   389 |   467 ||   856
 Invoke: Call Merchant     |       |       |       |       |     2 |     1 ||     3
  Evoke: Wand              |       |       |       |       |     2 |       ||     2
    Use: Scroll            |     4 |     5 |     6 |    12 |     7 |     1 ||    35
         Potion            |       |       |       |       |     3 |     2 ||     5
   Stab: Distracted        |       |       |     1 |     2 |     5 |     2 ||    10
 Armour: Scale mail        |    45 |       |       |       |       |       ||    45
         Chain mail        |    73 |   100 |   234 |    76 |       |       ||   483
         Plate armour      |       |       |       |   160 |   515 |   291 ||   966
  Dodge: Dodged            |    61 |    50 |   123 |   142 |   281 |   213 ||   870
  Block: Buckler           |    34 |    37 |   117 |   272 |   603 |   280 ||  1343
         Reflection        |       |       |     2 |     6 |    46 |     1 ||    55

Table legend: (Time is in decaauts)
 A = Elapsed time spent in this place.
 B = Non-inter-level travel time spent in this place.
 C = Inter-level travel time spent in this place.
 D = Time resting spent in this place.
 E = Time spent auto-exploring this place.
 F = Levels seen in this place.
 G = Mean time per level.
                   A        B        C        D        E       F      G
               +--------+--------+--------+--------+--------+-----+--------+
         Total |  29269 |  27445 |   1824 |   4534 |  15483 |  28 | 1045.3 |
       Dungeon |  17171 |  15718 |   1453 |   2108 |   9377 |  15 | 1144.7 |
        Temple |     38 |     20 |     18 |      0 |      0 |   1 |   38.0 |
          Lair |   6253 |   5996 |    257 |   1262 |   3197 |   5 | 1250.6 |
   Spider Nest |   3610 |   3578 |     32 |    857 |   1783 |   4 |  902.5 |
  Orcish Mines |   2043 |   1980 |     63 |    307 |   1125 |   2 | 1021.5 |
       Volcano |    151 |    151 |      0 |      0 |      0 |   1 |  151.0 |
               +--------+--------+--------+--------+--------+-----+--------+

Top non-repeatable levels by time:
  Lair:5: 2044 daAuts
    D:14: 1596 daAuts
    D:15: 1546 daAuts
Spider:2: 1540 daAuts
     D:7: 1495 daAuts
  Lair:4: 1420 daAuts
     D:6: 1375 daAuts
    D:10: 1353 daAuts
Spider:3: 1285 daAuts
   Orc:2: 1255 daAuts
    D:11: 1229 daAuts
     D:9: 1212 daAuts
     D:8: 1134 daAuts
  Lair:2: 1087 daAuts
  Lair:3: 1064 daAuts
